 Dungeon Crawl Stone Soup version 0.30.0-10-gfe55d96785 (webtiles) character file.

Game seed: 17763155469123990580

109 GigaChad the Shield-Bearer (level 5, -3/42 HPs)
             Began as a Formicid Fighter on May 16, 2023.
             Slain by Terence
             ... wielding a +0 falchion
              (10 damage)
             ... on level 3 of the Dungeon.
             The game lasted 00:02:11 (1170 turns).

GigaChad the Shield-Bearer (Formicid Fighter)       Turns: 1170, Time: 00:02:11

Health: -3/42      AC:  8    Str: 22    XL:     5   Next: 13%
Magic:  5/5        EV:  9    Int:  8    God:
Gold:   97         SH:  5    Dex: 13    Spells: 4/4 levels left

rFire   . . .        a - +1 war axe
rCold   . . .        c - +0 buckler
rNeg    . . .        b - +0 scale mail
rPois   .            (helmet unavailable)
rElec   .            k - +0 cloak
rCorr   .            (no gloves)
SInv    +            (no boots)
Will    .....        (no amulet) Stlth
                     (no ring)
HPRegen 0.27/turn    (no ring)
MPRegen 0.09/turn

%: no passive effects
@: no status effects
A: permanent stasis, dig shafts and tunnels, antennae 3, four strong arms
a: Dig, Shaft Self


You were on level 3 of the Dungeon.
You visited 1 branch of the dungeon, and saw 3 of its levels.

You collected 97 gold pieces.

Inventory:

Hand Weapons
 a - a +1 war axe (weapon)
Armour
 b - a +0 scale mail (worn)
 c - a +0 buckler (worn)
 k - a +0 cloak (worn)
Scrolls
 g - 3 scrolls of fog
Potions
 d - a potion of might
 f - a potion of lignification {unknown}
 h - a potion of flight {unknown}
 i - 2 potions of magic
 j - a potion of curing {unknown}
 l - 2 potions of heal wounds {unknown}
 m - a potion of attraction {unknown}


   Skills:
 * Level 4.1 Fighting
 * Level 3.2 Axes
 * Level 4.0 Armour
 - Level 0.2 Dodging
 * Level 4.6 Shields


You had 4 spell levels left.
You didn't know any spells.
Your spell library contained the following spells:

 Spells                   Type           Power      Damage    Failure   Level
 Ozocubu's Armour         Ice            0%         N/A       99%         3
 Metabolic Englaciation   Hex/Ice        0%         N/A       100%        5
 Simulacrum               Ice/Necr       0%         N/A       100%        6


Dungeon Overview and Level Annotations

Branches:
Dungeon (3/15)

Altars:

Annotations:
D:3 1 runed translucent door, Terence


Innate Abilities, Weirdness & Mutations

You cannot be hasted, slowed, berserked, paralysed or teleported.
You can dig through walls and to a lower floor.
You have a pair of large antennae on your head. (SInv)
Your four strong arms can wield two-handed weapons with a shield.


Message History

You barely miss Terence. Terence barely misses you.
Terence hits you with a +0 falchion.
You barely miss Terence. Terence hits you with a +0 falchion.
You hit Terence.
Terence is lightly wounded.
Terence says, "Rest in peace."
Terence hits you with a +0 falchion.
You slash Terence!
Terence is heavily wounded.
Terence barely misses you. x2
You barely miss Terence.
Terence is heavily wounded.
Terence hits you with a +0 falchion.
You barely miss Terence.
Terence is heavily wounded.
Terence hits you with a +0 falchion! Terence hits you with a +0 falchion.
You are too injured to fight recklessly!
You are too injured to fight recklessly!
You are too injured to fight recklessly!
You are too injured to fight recklessly!
You are too injured to fight recklessly!
You are too injured to fight recklessly!
You are too injured to fight recklessly!
You are too injured to fight recklessly!
You are too injured to fight recklessly!
You are too injured to fight recklessly!
Unknown command.
You hit Terence.
Terence is severely wounded.
Terence hits you with a +0 falchion!
* * * LOW HITPOINT WARNING * * *
You hit Terence.
Terence is severely wounded.
Terence closely misses you.
Unknown command.
Unknown command.
You hit Terence but do no damage.
Terence is severely wounded.
Terence barely misses you. Terence hits you with a +0 falchion!
You die...

##### ########...#
#..........#
###..#####...####
...?............#
!.8####8.........##
+...@@..........#
..8#..#8.....†###.#
#+ ####....###.# {#
{ #....)...# {
#...###..# #..##
#..# # #..# #..# #.
##.# ###..#
#..########..#
#....#


You could see Terence (strong).

Vanquished Creatures
  An orc wizard (D:3)
  2 adders (D:2)
  A worm (D:2)
  4 dart slugs
  4 orcs (D:3)
  3 endoplasms
  A giant cockroach (D:2)
  4 hobgoblins
  3 quokkas
  5 ball pythons
  4 bats
  5 frilled lizards
  5 goblins (D:1)
  3 kobolds
  9 rats
54 creatures vanquished.

Notes
Turn   | Place    | Note
-------+----------+-------------------------------------------
     0 | D:1      | GigaChad the Formicid Fighter began the quest for the Orb.
     0 | D:1      | Reached XP level 1. HP: 18/18 MP: 1/1
    52 | D:1      | Reached XP level 2. HP: 24/24 MP: 2/2
   344 | D:1      | Reached XP level 3. HP: 30/30 MP: 3/3
   747 | D:2      | Reached XP level 4. HP: 37/37 MP: 4/4
  1086 | D:3      | Reached XP level 5. HP: 32/42 MP: 5/5
  1157 | D:3      | Found a large runed translucent door.
  1158 | D:3      | Noticed Terence
  1170 | D:3      | Slain by Terence

Illustrated notes

Levels and vault maps discovered:
D:1:      roderic_crop_circles_arrival_small, layout_rooms,
          hangedman_decor_lopped, nicolae_kite_square_tiling_tiny,
          minmay_box_of_dots
D:2:      layout_basic, hangedman_glass_teeth
D:3:      layout_loops_ring, grunt_temple_overflow_order_and_chaos_1,
          jmf_multi_god_temple2, uniq_terence

Skill      XL: |  1  2  3  4 |
---------------+-------------+-----
Fighting       | 4 |  4.1
Axes           | 3 |  3.2
Armour         | 4 |  4.0
Dodging        | |  0.2
Shields        | |  4.6

Action                     |  1- 3 |  4- 6 || total
---------------------------+-------+-------++-------
  Melee: War axe           |    80 |    61 ||   141
    Use: Scroll            |     3 |     4 ||     7
 Armour: Scale mail        |    30 |    34 ||    64
  Dodge: Dodged            |    32 |    19 ||    51
  Block: Buckler           |    25 |    21 ||    46
